 Dungeon Crawl Stone Soup version 0.30-a0-556-g0a0f5a245f (webtiles) character file.

Game seed: 2943816310441836503

780 M4edhros the Trooper (level 7, 0/51 HPs)
             Began as an Octopode Chaos Knight on Dec 27, 2022.
             Was a Plaything of Xom.
             Slain by a killer bee (9 damage)
             ... on level 7 of the Dungeon.
             The game lasted 00:05:15 (1787 turns).

M4edhros the Trooper (Octopode Chaos Knight)        Turns: 1787, Time: 00:05:15

Health: 0/51       AC:  1    Str: 16      XL:     7   Next: 85%
Magic:  7/7        EV: 14    Int: 12 (13) God:    Xom [*.....]
Gold:   182        SH:  0    Dex: 10 (12) Spells: 6/6 levels left

rFire   . . .      SeeInvis .    a - +0 spear (chaos)
rCold   . . .      Faith    .    (no shield)
rNeg    . . .      Spirit   .    (helmet restricted)
rPois   .          Reflect  .    (no amulet)
rElec   .          Harm     .    (no ring)
rCorr   .          Rampage  .    (no ring)
Will    +....      Clarity  +    (no ring)
Stlth   ++                       (no ring)
HPRegen 0.28/turn                (no ring)
MPRegen 0.10/turn                (no ring)
                                 (no ring)
                                 (no ring)

@: confused, lethally poisoned (0 -> -4), ambrosia-drunk
A: almost no armour, amphibious, 8 rings, camouflage 1, gelatinous body 1,
(nimble swimmer 1), tentacles, clarity, deterioration 1, strong-willed 1, strong
1
a: Renounce Religion


You were on level 7 of the Dungeon.
You worshipped Xom.
You were a special plaything of Xom.
You visited 1 branch of the dungeon, and saw 7 of its levels.

You collected 182 gold pieces.

Inventory:

Hand Weapons
 a - a +0 spear of chaos (weapon)
Missiles
 h - 6 poisoned darts
Armour
 o - a +0 tower shield
Magical Staves
 r - a staff of earth
Jewellery
 p - a +4 ring of evasion
Scrolls
 c - a scroll of enchant weapon {unknown}
 e - a scroll of enchant armour {unknown}
 f - a scroll of magic mapping {unknown}
 j - a scroll of butterflies {unknown}
 k - a scroll of fog {unknown}
 l - 3 scrolls of identify {unknown}
 m - a scroll of teleportation {unknown}
Miscellaneous
 b - a piece from Xom's chessboard (12/15) (quivered)


   Skills:
 + Level 5.7 Fighting
 + Level 5.7 Polearms
 + Level 5.4 Dodging


You had 6 spell levels left.
You didn't know any spells.
Your spell library contained the following spells:

 Spells                   Type           Power      Damage    Failure   Level
 Stone Arrow              Conj/Erth      0%         3d7       69%         3
 Lehudib's Crystal Spear  Conj/Erth      0%         10d2      100%        8
 Animate Armour           Summ/Erth      Unusable   N/A       N/A         4

Dungeon Overview and Level Annotations

Branches:
Dungeon (7/15)             Temple (0/1) D:7

Altars:


Innate Abilities, Weirdness & Mutations

You cannot wear most types of armour.
You are amphibious.
You can wear up to eight rings at the same time.
Your skin changes colour to match your surroundings (Stealth+).
Your rubbery body absorbs attacks. (AC +1, EV +1)
((You are camouflaged when in or above water. (Stealth+)))
You have tentacles for arms and can constrict up to eight enemies at once.
You possess an exceptional clarity of mind.
Your body sometimes deteriorates upon taking damage.
You are strong-willed. (Will+)
Your muscles are strong. (Str +4, Int/Dex -1)


Message History

The killer bee attacks as you move away!
The killer bee misses you. x2
Okay, then.
You feel better. The killer bee completely misses you.
The killer bee closely misses you. The killer bee stings you.
* * * LOW HITPOINT WARNING * * *
Okay, then.
You closely miss the killer bee. Your grab misses the killer bee.
Your squeeze misses the killer bee.
The killer bee is lightly wounded.
The killer bee barely misses you. The killer bee stings you!
* * * LOW HITPOINT WARNING * * *
You are lethally poisoned!
The killer bee poisons you!
You feel better. The killer bee completely misses you.
The killer bee stings you.
* * * LOW HITPOINT WARNING * * *
You are poisoned.
The killer bee poisons you!
Okay, then.
You make a move on Xom's chessboard...
The steam dragon resists with some effort.
You feel sick. The killer bee barely misses you. x2
You make a move on Xom's chessboard...
The steam dragon resists with some effort.
You feel sick. The killer bee closely misses you. The killer bee stings you.
* * * LOW HITPOINT WARNING * * *
You are lethally poisoned!
The killer bee poisons you!
You are confused.
You feel invigorated.
You feel sick. The killer bee barely misses you.
The killer bee completely misses you.
You feel sick. The killer bee stings you.
* * * LOW HITPOINT WARNING * * *
You feel sick. The killer bee stings you.
* * * LOW HITPOINT WARNING * * *
The killer bee stings you!
You die...
Xom roars with laughter!

####.....< ### ##.........
##.####..........
########........##......
##..............######...
###..#.####...<..####.#....
#..|......###..#..#........
#..#..8..#yS##..........#...
.. #.....##@.####.......#.#.
. #..#.#S)##..#...........##
#..##.##.§##.#.....#..##..#
...##...##S...#....##..#..##
.8....>...†8..#............
...##...##..!...#..#......##
##. #..##..###.# .... #
#§.## ..... ...# ../...


You could see a water moccasin and a killer bee.

Vanquished Creatures
  A water moccasin (D:6)
  An ice beast (D:5)
  A wolf (D:7)
  2 centaurs
  2 bullfrogs (D:6)
  A scorpion (D:5)
  A hound (D:4)
  A jelly (D:7)
  A gnoll bouda (D:6)
  8 gnolls (D:6)
  2 adders
  A shadow imp (D:5)
  A worm (D:5)
  3 endoplasms
  2 goblins (D:1)
  A hobgoblin (D:2)
  4 quokkas
  A ball python (D:1)
  2 bats (D:1)
  6 kobolds
  A rat (D:1)
43 creatures vanquished.

Vanquished Creatures (others)
  An orc (D:7)
1 creature vanquished.

Grand Total: 44 creatures vanquished

Notes
Turn   | Place    | Note
-------+----------+-------------------------------------------
     0 | D:1      | M4edhros the Octopode Chaos Knight began the quest for the
                  | Orb.
     0 | D:1      | Reached XP level 1. HP: 16/16 MP: 1/1
   122 | D:1      | XOM: butterfly on damage
   299 | D:1      | Reached XP level 2. HP: 21/21 MP: 2/2
   411 | D:2      | XOM is BORED!
   411 | D:2      | XOM: chaos upgrade
   507 | D:4      | Reached XP level 3. HP: 26/26 MP: 3/3
   509 | D:5      | Entered Level 5 of the Dungeon
   509 | D:5      | Noticed a scorpion
   532 | D:5      | Reached XP level 4. HP: 33/33 MP: 4/4
   543 | D:5      | Killed a scorpion
   544 | D:5      | Reached XP level 5. HP: 26/37 MP: 5/5
   645 | D:5      | Noticed a centaur
   645 | D:5      | Noticed an ice beast
   650 | D:5      | XOM: smoke on damage
   651 | D:5      | Killed a centaur
   658 | D:5      | Killed an ice beast
   659 | D:5      | Reached XP level 6. HP: 13/44 MP: 6/6
   825 | D:5      | Noticed a water moccasin
   934 | D:6      | Noticed a water moccasin
   943 | D:6      | Killed a water moccasin
   954 | D:6      | Reached skill level 5 in Fighting
   954 | D:6      | Reached skill level 5 in Polearms
   954 | D:6      | Reached XP level 7. HP: 15/50 MP: 7/7
  1409 | D:6      | Reached skill level 5 in Dodging
  1559 | D:6      | XOM: divination: detect items
  1636 | D:6      | XOM: god gift: 44 gold pieces
  1672 | D:6      | XOM: god gift: golden potion {god gift}
  1740 | D:7      | Found a staircase to the Ecumenical Temple.
  1747 | D:7      | Noticed a steam dragon
  1747 | D:7      | XOM: polymorph iguana -> wolf
  1751 | D:7      | Gained mutation: Your muscles are strong. (Str +4, Int/Dex
                  | -1) [potion of mutation]
  1751 | D:7      | Gained mutation: You are strong-willed. (Will+) [potion of
                  | mutation]
  1751 | D:7      | Gained mutation: Your body sometimes deteriorates upon
                  | taking damage. [potion of mutation]
  1751 | D:7      | Gained mutation: You possess an exceptional clarity of
                  | mind. [potion of mutation]
  1787 | D:7      | Slain by a killer bee

Illustrated notes

Levels and vault maps discovered:
D:1:      wander_arrival_chamber, layout_basic, ebering_ecumenical_altar_box,
          minmay_misc_feat_pillars
D:2:      layout_rooms
D:3:      minmay_chambers_of_twos, layout_rooms, kennysheep_generic_room_7
D:4:      layout_basic, palyth_stone_intersect, minmay_manual_macuahuitl,
          uniq_eustachio
D:5:      layout_rooms
D:6:      layout_basic
D:7:      layout_cave_pools, minmay_temple_entry_waves

Skill      XL: |  1  2  3  4  5  6  7 |
---------------+----------------------+-----
Dodging        | 3 4 5 |  5.4
Fighting       | 4 5 |  5.7
Polearms       | 4 5 |  5.7

Action                   |  1- 3 |  4- 6 |  7- 9 || total
-------------------------+-------+-------+-------++-------
Melee: Spear             |    52 |    21 |    50 ||   123
       Constrict         |     8 |     4 |     6 ||    18
       Tentacles         |     5 |     4 |    14 ||    23
       Punch             |     2 |       |       ||     2
Evoke: Wand              |       |     3 |     3 ||     6
       Piece from Xom's  |       |     2 |     3 ||     5
  Use: Potion            |       |     3 |     9 ||    12
 Stab: Sleeping          |     5 |     2 |       ||     7
       Paralysed         |     1 |       |       ||     1
       Invisible         |       |     1 |       ||     1
Armor: Skin              |       |    10 |     2 ||    12
Dodge: Dodged            |    17 |    17 |    37 ||    71

Table legend: (Time is in decaauts)
 A = Elapsed time spent in this place.
 B = Non-inter-level travel time spent in this place.
 C = Inter-level travel time spent in this place.
 D = Time resting spent in this place.
 E = Time spent auto-exploring this place.
 F = Levels seen in this place.
 G = Mean time per level.
                   A        B        C        D        E       F      G
               +--------+--------+--------+--------+--------+-----+--------+
         Total |   1770 |   1703 |     67 |    151 |   1227 |   7 |  252.9 |
       Dungeon |   1770 |   1703 |     67 |    151 |   1227 |   7 |  252.9 |
               +--------+--------+--------+--------+--------+-----+--------+

Top non-repeatable levels by time:
     D:6: 831 daAuts
     D:1: 384 daAuts
     D:5: 342 daAuts
     D:7: 90 daAuts
     D:4: 65 daAuts
     D:2: 46 daAuts
     D:3: 9 daAuts
